 Dungeon Crawl Stone Soup version 0.27-a0-1312-g5cdb2b3542 (webtiles) character file.

Game seed: 7109493185346804598

14035 27snakeeyes612 the Fighter (level 11, -1/102 HPs)
             Began as a Minotaur Hunter on June 20, 2021.
             Was a High Priest of Okawaru.
             Slain by a blizzard demon (7 damage)
             ... in a Gauntlet.
             The game lasted 00:11:42 (11351 turns).

27snakeeyes612 the Fighter (Minotaur Hunter)       Turns: 11351, Time: 00:11:43

Health: -1/102     AC: 15    Str: 27    XL:     11   Next: 83%
Magic:  9/14       EV: 14    Int:  8    God:    Okawaru [*****.]
Gold:   528        SH:  0    Dex: 16    Spells: 10/10 levels left

rFire    . . .     SeeInvis .   a - +4 hand crossbow (freeze)
rCold    . . .     Faith    .   (no shield)
rNeg     . . .     Spirit   .   i - +0 chain mail
rPois    .         Reflect  .   (helmet restricted)
rElec    .         Harm     .   h - +1 cloak
rCorr    .         Rampage  .   y - +0 pair of gloves
Will     .....     NoTele   +   (no boots)
Stlth    ..........             G - amulet of regeneration
HPRegen  1.27/turn              r - +6 ring of dexterity
MPRegen  0.14/turn              z - +6 ring of strength

@: finesse-ful
A: horns 2, retaliatory headbutt
a: Renounce Religion, Heroism, Finesse


You were in a Gauntlet.
You worshipped Okawaru.
Okawaru was extremely pleased with you.
You visited 2 branches of the dungeon, and saw 13 of its levels.
You also visited: Gauntlet.

You collected 670 gold pieces.
You spent 142 gold pieces at shops.

Inventory:

Hand Weapons
 a - a +4 hand crossbow of freezing (weapon)
 b - a +0 short sword
 j - a +0 trident of flaming
 J - the +5 whip "Goblin's Demise" {vorpal, rElec Str+4 Int-4 SInv}
   (You found it on level 9 of the Dungeon)

   It inflicts extra damage upon your enemies.
   It affects your strength (+4).
   It affects your intelligence (-4).
   It insulates you from electricity.
   It lets you see invisible.
Missiles
 l - a curare-tipped dart
 n - 151 bolts (quivered ammo)
 F - 2 throwing nets
Armour
 c - a +0 leather armour
 h - a +1 cloak (worn)
 i - a +0 chain mail (worn)
 y - a +0 pair of gloves (worn)
Jewellery
 k - a ring of protection from cold
 m - a ring of fire
 r - a +6 ring of dexterity (left hand)
 w - a ring of flight
 z - a +6 ring of strength (right hand)
 D - a ring of wizardry
 G - an amulet of regeneration (around neck)
Wands
 s - a wand of iceblast (6)
 M - a wand of flame (33)
 P - a wand of mindburst (10)
Scrolls
 e - a scroll of vulnerability
 o - 3 scrolls of amnesia
 t - 3 scrolls of blinking
 C - 3 scrolls of noise
 H - 8 scrolls of identify
 I - a scroll of enchant armour
 K - a scroll of fog
 N - 3 scrolls of teleportation
 O - a scroll of enchant weapon
 Q - 2 scrolls of magic mapping
Potions
 d - 2 potions of flight
 f - 6 potions of curing
 g - a potion of degeneration
 p - 6 potions of lignification
 q - 3 potions of brilliance
 u - 2 potions of haste
 v - 3 potions of ambrosia
 x - 2 potions of invisibility
 A - a potion of berserk rage
 B - 3 potions of attraction {unknown}
 E - a potion of resistance {unknown}
 L - 2 potions of might {unknown}


   Skills:
 + Level 11.1 Fighting
 + Level 10.9 Crossbows
 + Level 10.8 Armour
 + Level 10.2 Dodging
 - Level 0.7 Stealth
 + Level 6.1 Invocations


You had 10 spell levels left.
You didn't know any spells.
Your spell library contained the following spells:

 Spells                   Type           Power      Damage    Failure   Level
 Animate Skeleton         Necr           0%         N/A       88%         1
 Apportation              Tloc           0%         N/A       88%         1
 Corona                   Hex            0%         N/A       88%         1
 Summon Small Mammal      Summ           0%         N/A       88%         1
 Ensorcelled Hibernation  Hex/Ice        0%         N/A       96%         2
 Poisonous Vapours        Pois/Air       0%         N/A       96%         2
 Confusing Touch          Hex            0%         N/A       99%         3
 Conjure Flame            Conj/Fire      0%         6-21      99%         3
 Dazzling Flash           Conj/Hex       0%         N/A       99%         3
 Lesser Beckoning         Tloc           0%         N/A       99%         3
 Mephitic Cloud           Conj/Pois/Air  0%         N/A       99%         3
 Tukima's Dance           Hex            0%         N/A       99%         3
 Ice Form                 Ice/Tmut       0%         N/A       100%        4
 Summon Ice Beast         Ice/Summ       0%         N/A       100%        4
 Alistair's Intoxication  Tmut/Pois      0%         N/A       100%        5
 Freezing Cloud           Conj/Ice/Air   0%         6-21      100%        5
 Invisibility             Hex            0%         N/A       100%        6
 Simulacrum               Ice/Necr       0%         N/A       100%        6
 Ozocubu's Refrigeration  Ice            0%         4d5       100%        7


Dungeon Overview and Level Annotations

Branches:
Dungeon (12/15)            Temple (1/1) D:4            Lair (0/6) D:11
    Orc (0/2) D:10        Gauntlet (1/1)

Altars:
Ashenzari
Cheibriados
Dithmenos
Elyvilon
Fedhas
Gozag
Hepliaklqana
Kikubaaqudgha
Makhleb
Nemelex Xobeh
Okawaru
Qazlal
Ru
Sif Muna
Trog
Uskayaw
Vehumet
Wu Jian
Xom
Yredelemnul
Zin
The Shining One

Shops:
D:11 ??*

Annotations:
D:9 3 runed translucent doors Gauntlet 11 transporters


Innate Abilities, Weirdness & Mutations

You have a pair of horns on your head.
You reflexively headbutt those who attack you in melee.


Message History

You shoot a bolt. The bolt hits the blizzard demon!
The blizzard demon is severely wounded.
The blizzard demon gestures at you. The freezing blast engulfs you!
You shoot a bolt.
The bolt barely misses the blizzard demon.
You are engulfed in freezing vapours.
The blizzard demon is engulfed in freezing vapours.
The blizzard demon hits you.
The blizzard demon hits you but does no damage.
You shoot a bolt.
The bolt hits the blizzard demon but does no damage.
The blizzard demon is severely wounded.
You are engulfed in freezing vapours.
The blizzard demon hits you but does no damage.
The blizzard demon completely misses you.
You shoot a bolt. The bolt hits the blizzard demon.
The blizzard demon is severely wounded.
You are engulfed in freezing vapours.
The blizzard demon is engulfed in freezing vapours.
The blizzard demon barely misses you.
The blizzard demon hits you but does no damage.
You are too injured to fight recklessly!
Fire: 152 bolts
Press: ? - help, Q - select action, (/) - cycle Shift-Dir - straight line, f/p - blizzard demon
Aim: a blizzard demon (freezing vapour, severely wounded, 74% to hit)
You shoot a bolt. The bolt hits the blizzard demon.
The blizzard demon is almost dead.
You are engulfed in freezing vapours.
The blizzard demon is engulfed in freezing vapours.
The blizzard demon waves its arms in wide circles.
The air twists around and strikes you!
* * * LOW HITPOINT WARNING * * *
You can now deal lightning-fast blows.
You are engulfed in freezing vapours.
* * * LOW HITPOINT WARNING * * *
The blizzard demon hits you.
* * * LOW HITPOINT WARNING * * *
The blizzard demon hits you!
You die...

### ### ### ### ### ### #8#
#8# #8# #8# #8# #8#
#########################
###≈.......................
#8#........................
###..###########...########
#..#..###°#.##.8.#s......
###..#.#○©@.°..#...#s.#####
#8#..##.#2#○##[#####.##....
###..#..°○#°##[#...#.#.####
#.§###(#.##.©#©.©#.##.©.#
###..##.#.####$#...##.####.
#8#..#.##.##..########....#
###..#.#.##..#.#...#!######
#..##.P.###.##...#[?[....
###..###########...########


You could see a blizzard demon.

Vanquished Creatures
  3 death yaks
  A two-headed ogre (D:11)
  Pikel (D:7)
  An ugly thing (D:11)
  Joseph (D:7)
  A gargoyle (D:11)
  An unseen horror (D:11)
  A kobold demonologist (D:11)
  3 trolls
  Prince Ribbit (D:5)
  A meliai zombie (D:11)
  Sigmund (D:3)
  A vampire (D:11)
  A wyvern (D:5)
  A basilisk (D:11)
  6 yaks (D:10)
  11 vampire mosquitoes
  2 steam dragons
  Menkaure (D:5)
  2 acid dragons (D:11)
  Duvessa (D:5)
  2 water moccasins
  A hornet zombie (D:8)
  3 ice beasts (D:6)
  7 orc warriors
  2 sky beasts
  2 ogres
  4 centaurs
  2 phantoms
  2 lemures (D:7)
  A kobold brigand (D:8)
  A gnoll sergeant (D:10)
  2 bullfrogs (D:9)
  A scorpion (D:4)
  Dowan (D:5)
  13 killer bees
  7 wights
  A howler monkey (D:11)
  2 electric eels (D:12)
  4 centaur zombies
  A hound (D:7)
  A bullfrog skeleton (D:5)
  4 jellies
  A centaur skeleton (D:6)
  5 orc priests
  3 iguanas
  8 orc wizards
  A killer bee zombie (D:7)
  A mummy (D:5)
  A howler monkey zombie (D:8)
  7 adders
  11 gnolls
  A shadow imp (D:5)
  4 worms
  2 dart slugs
  43 orcs
  2 ball pythons
  10 endoplasms
  3 giant cockroaches
  4 goblins
  8 hobgoblins
  8 jackals
  11 kobolds
  5 quokkas
  6 bats
  A frilled lizard (D:2)
  6 rats
258 creatures vanquished.

Vanquished Creatures (others)
  2 plants (Gauntlet)
2 creatures vanquished.

Grand Total: 260 creatures vanquished

Notes
Turn   | Place    | Note
-------+----------+-------------------------------------------
     0 | D:1      | 27snakeeyes612 the Minotaur Hunter began the quest for the
                  | Orb.
     0 | D:1      | Reached XP level 1. HP: 18/18 MP: 0/0
   556 | D:1      | Found a faded altar of an unknown god.
   582 | D:1      | Reached XP level 2. HP: 19/25 MP: 1/1
  1041 | D:2      | Reached skill level 1 in Armour
  1147 | D:2      | Found a glowing golden altar of the Shining One.
  1245 | D:2      | Reached skill level 3 in Fighting
  1245 | D:2      | Reached XP level 3. HP: 25/31 MP: 2/2
  2029 | D:3      | Reached skill level 5 in Crossbows
  2034 | D:3      | Reached XP level 4. HP: 36/38 MP: 3/3
  2246 | D:3      | Noticed Sigmund
  2567 | D:3      | Killed Sigmund
  2568 | D:3      | Reached skill level 4 in Fighting
  2568 | D:3      | Reached XP level 5. HP: 37/46 MP: 4/4
  2861 | D:4      | Reached XP level 6. HP: 53/53 MP: 5/5
  3449 | D:4      | Reached skill level 5 in Fighting
  3449 | D:4      | Reached XP level 7. HP: 61/61 MP: 6/6
  3868 | D:4      | Found a staircase to the Ecumenical Temple.
  3879 | Temple   | Entered the Ecumenical Temple
  3975 | Temple   | Became a worshipper of Warmaster Okawaru
  4050 | D:4      | Found a faded altar of an unknown god.
  4050 | D:4      | Found a stormy altar of Qazlal.
  4058 | D:4      | Found a faded altar of an unknown god.
  4060 | D:4      | Found a basalt altar of Yredelemnul.
  4062 | D:4      | Found a shadowy altar of Dithmenos.
  4214 | D:5      | Entered Level 5 of the Dungeon
  4238 | D:5      | Found a snail-covered altar of Cheibriados.
  4282 | D:5      | Noticed a wyvern
  4288 | D:5      | Killed a wyvern
  4289 | D:5      | Reached skill level 5 in Dodging
  4541 | D:5      | Reached skill level 5 in Armour
  4635 | D:5      | Reached * piety under Okawaru
  4694 | D:5      | Noticed Menkaure
  4697 | D:5      | Killed Menkaure
  4698 | D:5      | Reached skill level 6 in Fighting
  4698 | D:5      | Reached XP level 8. HP: 70/70 MP: 7/7
  4716 | D:5      | Noticed Prince Ribbit
  4724 | D:5      | Killed Prince Ribbit
  4819 | D:5      | Noticed Dowan
  4819 | D:5      | Noticed Duvessa
  4827 | D:5      | Killed Duvessa
  4829 | D:5      | Killed Dowan
  5017 | D:6      | Reached ** piety under Okawaru
  5273 | D:6      | Reached skill level 7 in Fighting
  5666 | D:6      | Reached XP level 9. HP: 79/79 MP: 8/8
  5871 | D:7      | Noticed Pikel
  5884 | D:7      | Killed Pikel
  5884 | D:7      | Reached *** piety under Okawaru
  5884 | D:7      | Received a gift from Okawaru
  5927 | D:7      | Reached skill level 8 in Fighting
  6085 | D:7      | Received a gift from Okawaru
  6213 | D:7      | Found an opulent altar of Gozag.
  6408 | D:7      | Noticed Joseph
  6422 | D:7      | Killed Joseph
  6423 | D:7      | Reached skill level 1 in Invocations
  7322 | D:8      | Received a gift from Okawaru
  7397 | D:8      | Reached XP level 10. HP: 90/90 MP: 10/10
  7542 | D:8      | Reached skill level 9 in Fighting
  7992 | D:9      | Reached **** piety under Okawaru
  8270 | D:9      | Found a runed translucent gate.
  8270 | D:9      | Found a runed translucent gate.
  8272 | D:9      | Found a runed translucent gate.
  8273 | D:9      | Noticed a green ugly thing
  8273 | D:9      | Noticed a glowing orange brain
  8273 | D:9      | Noticed a brown ugly thing
  8274 | D:9      | Noticed a green ugly thing
  8274 | D:9      | Noticed a purple ugly thing
  8274 | D:9      | Noticed a white ugly thing
  8514 | D:9      | Received a gift from Okawaru
  8806 | D:9      | Identified the +5 whip "Goblin's Demise" {vorpal, rElec
                  | Str+4 Int-4 SInv}
  8865 | D:10     | Entered Level 10 of the Dungeon
  9018 | D:10     | Found a sacrificial altar of Ru.
  9198 | D:10     | Found a staircase to the Orcish Mines.
  9324 | D:10     | Received a gift from Okawaru
  9614 | D:10     | Reached skill level 10 in Fighting
  9617 | D:10     | Reached skill level 10 in Crossbows
  9624 | D:10     | Received a gift from Okawaru
  9625 | D:10     | Reached XP level 11. HP: 93/99 MP: 13/13
  9759 | D:11     | Found Xisuoce's Magic Scroll Boutique.
  9831 | D:11     | Noticed a death yak
  9831 | D:11     | Noticed a death yak
  9838 | D:11     | Noticed a death yak
  9841 | D:11     | Killed a death yak
  9864 | D:10     | Reached ***** piety under Okawaru
  9871 | D:10     | Killed a death yak
  9872 | D:10     | Reached skill level 10 in Armour
  9898 | D:11     | Killed a death yak
  9898 | D:11     | Received a gift from Okawaru
  9899 | D:11     | Reached skill level 5 in Invocations
  9972 | D:11     | Found a staircase to the Lair.
 10003 | D:11     | Noticed a two-headed ogre
 10008 | D:11     | Killed a two-headed ogre
 10042 | D:11     | Noticed a soul eater
 10092 | D:11     | Found Ogroihai's Antique Weapon Shop.
 10226 | D:11     | Noticed a white ugly thing
 10243 | D:11     | Killed a white ugly thing
 10332 | D:11     | Reached skill level 10 in Dodging
 10455 | D:11     | Reached skill level 11 in Fighting
 10578 | D:11     | Found Fuveocs's Assorted Antiques.
 10844 | D:11     | Found Toehuoxy's Magic Scroll Shoppe.
 10852 | D:11     | Bought a scroll of teleportation for 33 gold pieces
 10852 | D:11     | Bought a scroll of teleportation for 33 gold pieces
 10852 | D:11     | Bought a scroll of magic mapping for 38 gold pieces
 10852 | D:11     | Bought a scroll of magic mapping for 38 gold pieces
 10988 | D:12     | Found a gate leading to a gauntlet.
 10999 | Gauntlet | Entered a Gauntlet
 10999 | Gauntlet | Found a transporter.
 10999 | Gauntlet | Found a transporter.
 10999 | Gauntlet | Found a transporter.
 10999 | Gauntlet | Noticed a blizzard demon
 10999 | Gauntlet | Noticed a shining eye
 11019 | Gauntlet | Found a transporter.
 11029 | Gauntlet | Found a transporter.
 11035 | Gauntlet | Noticed a wolf spider
 11038 | Gauntlet | Noticed an entropy weaver
 11042 | Gauntlet | Noticed a minotaur
 11050 | Gauntlet | Found a transporter.
 11056 | Gauntlet | Found a transporter.
 11064 | Gauntlet | Found a transporter.
 11081 | Gauntlet | Found a transporter.
 11089 | Gauntlet | Found a transporter.
 11107 | Gauntlet | Found a transporter.
 11130 | Gauntlet | Found a transporter.
 11351 | Gauntlet | Slain by a blizzard demon

Illustrated notes

Levels and vault maps discovered:
D:1:      elethiomel_arrival_shortcut, layout_loops_corners,
          hellmonk_ecumenical_altar_crossroads, due_unseen_surprise
D:2:      layout_rooms, serial_rivers, chequers_serial_rivers_small_3,
          chequers_serial_rivers_room_b, chequers_serial_rivers_large_b,
          chequers_serial_rivers_small_3, basic_altar
D:3:      layout_loops_ring, kennysheep_generic_room_7, uniq_sigmund
D:4:      layout_layer_cave, chequers_temple_overflow_minitemple,
          minmay_temple_entry_enclosed_plants
D:5:      layout_gridville, slow_altar_1, uniq_menkaure, uniq_prince_ribbit1,
          uniq_duvessa
D:6:      layout_gridville
D:7:      layout_loops_corners, lemuel_crystal_altar, serial_co_window_serial,
          co_window_paths_a, co_window_paths_a, co_window_paths_b,
          co_window_paths_a, co_window_cross_1, co_window_of_opportunity_a,
          co_window_paths_a, co_window_corner_b, co_window_unsneaky_path_e,
          co_window_broadway_a, co_window_corner_cb, co_window_2corner,
          co_window_broadway_a, co_window_2corner, glass_columns_b,
          glass_columns_b, glass_columns_a, grunt_ogre_cave, minmay_liquid_box,
          st_stairs_12, chequers_serial_rivers_micro_d, uniq_joseph, uniq_pikel
D:8:      layout_basic
D:9:      layout_basic, ploomutoo_gammafunk_ghost_potion_laboratory,
          nrook_mini_backslash
D:10:     layout_gridville, nicolae_ru_awakened_eye, david_orc_3, minivault_10
D:11:     minmay_four_partial_circles, layout_gridville, dpeg_lair_monsters,
          serial_shops, nicolae_stop_n_shop_1, kennysheep_mini,
          nicolae_square_shop, shop
D:12:     layout_small_grid, gauntlet_entry_generic, lemuel_freeze_loot_1
Temple:   kb_temple_of_zot
Gauntlet: gammafunk_gauntlet_shortcut [gammafunk_gauntlet_arena_mazey,
          gammafunk_gauntlet_arena_spirals, gammafunk_gauntlet_arena_hedges,
          gammafunk_gauntlet_arena_grid, nicolae_gauntlet_arena_blocks,
          gammafunk_gauntlet_arena_chambers,
          nicolae_gauntlet_exit_dead_adventurers]

Skill      XL: |  1  2  3  4  5  6  7  8  9 10 11 |
---------------+----------------------------------+-----
Armour         | 1 3 4 5 6 8 9 10 | 10.8
Fighting       | 3 4 5 6 7 8 10 11 | 11.1
Crossbows      | 5 6 7 9 10 | 10.9
Dodging        | 3 4 5 6 8 9 10 | 10.2
Invocations    | 2 4 6 |  6.1
Stealth        | |  0.7

Action                   |  1- 3 |  4- 6 |  7- 9 | 10-12 || total
-------------------------+-------+-------+-------+-------++-------
Melee: Trident           |     6 |       |       |       ||     6
       Headbutt          |     1 |       |       |       ||     1
       Hand crossbow     |       |       |       |     1 ||     1
 Fire: Hand crossbow     |    91 |    69 |   221 |   319 ||   700
Invok: Heroism           |       |       |     1 |     2 ||     3
       Finesse           |       |       |       |     2 ||     2
  Use: Scroll            |       |    12 |     5 |     9 ||    26
       Potion            |       |       |       |     1 ||     1
Armor: Chain mail        |    22 |     4 |    27 |   112 ||   165
Dodge: Dodged            |     9 |     8 |    37 |   175 ||   229

Table legend: (Time is in decaauts)
 A = Elapsed time spent in this place.
 B = Non-inter-level travel time spent in this place.
 C = Inter-level travel time spent in this place.
 D = Time resting spent in this place.
 E = Time spent auto-exploring this place.
 F = Levels seen in this place.
 G = Mean time per level.
                   A        B        C        D        E       F      G
               +--------+--------+--------+--------+--------+-----+--------+
         Total |  11461 |  11057 |    404 |    285 |   9145 |  14 |  818.6 |
       Dungeon |  10985 |  10605 |    380 |    285 |   8901 |  12 |  915.4 |
        Temple |    124 |    100 |     24 |      0 |     94 |   1 |  124.0 |
      Gauntlet |    351 |    351 |      0 |      0 |    150 |   1 |  351.0 |
               +--------+--------+--------+--------+--------+-----+--------+

Top non-repeatable levels by time:
     D:4: 1378 daAuts
     D:7: 1333 daAuts
    D:11: 1129 daAuts
     D:1: 1027 daAuts
    D:10: 958 daAuts
     D:2: 947 daAuts
     D:9: 881 daAuts
     D:8: 852 daAuts
     D:3: 822 daAuts
     D:6: 808 daAuts
     D:5: 800 daAuts
Gauntlet: 351 daAuts
  Temple: 124 daAuts
    D:12: 44 daAuts
